[Event "Titled Tuesday Blitz March 01 Early 2022"]
[White "Martic, Ivan"]
[Black "Maung, Maung Kyaw Zaw Hein"]
[WhiteFideId "929301"]
[BlackFideId "13001698"]
[WhiteElo "2290"]
[BlackElo "1785"]
[Result "0-1"]
[Round "04"]
[TimeControl "180+1"]
[Date "2022.03.01"]
[WhiteClock "0:00:11"]
[BlackClock "0:00:09"]

1. e4 c6 2. d4 d5 3. e5 c5 4. dxc5 Nc6 5. Nf3 e6 6. Bd3 Bxc5 7. O-O Nge7 8. a3 Ng6 9. Qe2 O-O 10. Re1 Bd7 11. b4 Nd4 12. Nxd4 Bxd4 13. c3 Bb6 14. g3 f5 15. Nd2 f4 16. Nf3 fxg3 17. hxg3 Qe7 18. Kg2 d4 19. c4 Bc6 20. Be4 d3 21. Qxd3 Rad8 22. Qc2 Rxf3 23. Bxf3 Bxf3+ 24. Kxf3 Rf8+ 25. Bf4 Nxf4 26. gxf4 Qh4 27. Qd2 g5 28. Re4 Qh5+ 29. Kg2 Qg4+ 30. Kf1 gxf4 31. Qd3 Rf5 32. Rd1 Rh5 33. Ke1 Rh1+ 34. Kd2 Rxd1+ 35. Kc3 Rxd3+ 0-1


[Site "https://www.chess.com"]

[Event "Titled Tuesday Blitz March 01 Early 2022"]
[White "Martinez Alcantara, Jose Eduardo"]
[Black "Bryakin, Mikhail"]
[WhiteFideId "3805662"]
[BlackFideId "4165314"]
[WhiteElo "2690"]
[BlackElo "2421"]
[Result "1-0"]
[Round "04"]
[TimeControl "180+1"]
[Date "2022.03.01"]
[WhiteClock "0:01:05"]
[BlackClock "0:00:52"]

1. e4 e6 2. d4 d5 3. Nd2 c5 4. Ngf3 Nc6 5. exd5 exd5 6. Bb5 Nf6 7. O-O c4 8. b3 cxb3 9. axb3 Be7 10. Ne5 Bd7 11. Bxc6 Bxc6 12. Ba3 Bxa3 13. Rxa3 O-O 14. Re1 Nd7 15. Ndf3 f6 16. Nxc6 bxc6 17. Qd2 Nb6 18. h3 Qd6 19. Raa1 Rf7 20. Qc3 Rd8 21. Qc5 Nc8 22. Ra6 Rc7 23. c3 Kf7 24. Ra2 Rb7 25. b4 Rb5 26. Qxd6 Rxd6 27. Nd2 Re6 28. Rea1 Rb6 29. Nb3 Re7 30. f3 Re3 31. Rc1 f5 32. Kf2 f4 33. Nc5 g5 34. Nd7 Rb7 35. Ne5+ Kf6 36. Ng4+ 1-0


[Site "https://www.chess.com"]

[Event "Titled Tuesday Blitz March 01 Early 2022"]
[White "Matlakov, Maxim"]
[Black "Gunina, Valentina"]
[WhiteFideId "4168003"]
[BlackFideId "4167570"]
[WhiteElo "2661"]
[BlackElo "2465"]
[Result "1/2-1/2"]
[Round "04"]
[TimeControl "180+1"]
[Date "2022.03.01"]
[WhiteClock "0:00:03"]
[BlackClock "0:00:09"]

1. d4 d5 2. Nf3 Nf6 3. c3 c6 4. Qc2 g6 5. Bf4 Bf5 6. Qb3 Qb6 7. e3 Bg7 8. h3 O-O 9. Nbd2 Ne4 10. Be2 Nxd2 11. Nxd2 Nd7 12. g4 Be6 13. h4 f6 14. h5 Bf7 15. hxg6 hxg6 16. g5 Qxb3 17. axb3 Rfe8 18. gxf6 exf6 19. O-O-O a5 20. Bd3 a4 21. bxa4 Rxa4 22. Kc2 Nf8 23. Bd6 Ne6 24. Rdg1 Ng5 25. Rh4 Re6 26. Ba3 Bf8 27. Bxf8 Kxf8 28. Rh8+ Kg7 29. Rb8 Ra7 30. Nb3 Re8 31. Rxe8 Bxe8 32. f4 Ne6 33. c4 dxc4 34. Bxc4 Nc7 35. Nc5 b6 36. Ne4 Bd7 37. Nd6 Ne8 38. Nxe8+ Bxe8 39. e4 Rd7 40. Kc3 Re7 41. e5 fxe5 42. dxe5 Rd7 43. Bd3 Rd5 44. Rg5 Rc5+ 45. Kd4 Rd5+ 46. Ke3 Rc5 47. b4 Rd5 48. Bc4 Rd1 49. f5 Re1+ 50. Kd4 Rd1+ 51. Kc3 Re1 52. f6+ Kh6 53. Rg3 Rxe5 54. f7 Bxf7 55. Bxf7 g5 56. Rh3+ Kg7 57. Bc4 b5 58. Kd4 Rf5 59. Bd3 Rd5+ 60. Ke4 g4 61. Rh1 Kg6 62. Rc1 Kg5 63. Rxc6 Rd8 64. Rc5+ Kh4 65. Bxb5 Rb8 66. Kd4 g3 67. Rc7 Rxb5 68. Rh7+ Rh5 69. Rg7 Kh3 70. Kc4 g2 71. Rxg2 Kxg2 72. b5 Rxb5 73. Kxb5 1/2-1/2


[Site "https://www.chess.com"]

[Event "Titled Tuesday Blitz March 01 Early 2022"]
[White "Melian, Juan Sebastian"]
[Black "Marzaduri, Riccardo"]
[WhiteFideId "3706575"]
[BlackFideId "886084"]
[WhiteElo "1842"]
[BlackElo "2200"]
[Result "0-1"]
[Round "04"]
[TimeControl "180+1"]
[Date "2022.03.01"]
[WhiteClock "0:00:10"]
[BlackClock "0:00:03"]

1. e4 e6 2. d4 d5 3. Bd3 dxe4 4. Bxe4 Nf6 5. Bf3 c5 6. Ne2 Nc6 7. Be3 e5 8. Bxc6+ bxc6 9. dxe5 Qxd1+ 10. Kxd1 Ng4 11. Nd2 Ba6 12. c4 Nxe5 13. b3 Ng4 14. Kc2 Bc8 15. Ng3 Nxe3+ 16. fxe3 Be6 17. Rad1 O-O-O 18. Nde4 Be7 19. Rhf1 Rxd1 20. Kxd1 h5 21. Nf5 Rd8+ 22. Kc2 Bf8 23. Ng5 Re8 24. Nxe6 Rxe6 25. Rf3 g6 26. Ng3 f5 27. Ne2 Bh6 28. Kd3 Rd6+ 29. Kc2 Re6 30. Kd2 Rd6+ 31. Ke1 Rd3 32. Rg3 Bxe3 33. Rxg6 Kc7 34. Rf6 Rd2 35. Rxf5 Rxa2 36. Ng3 h4 37. Rf7+ Kb6 38. Nf5 Bf2+ 39. Kd1 Bd4 40. g4 Rxh2 41. Nd6 Ka5 42. Rb7 Ka6 43. Rh7 Ka5 44. Rb7 Ka6 45. Rb8 Rh1+ 46. Kc2 Rh2+ 0-1


[Site "https://www.chess.com"]

[Event "Titled Tuesday Blitz March 01 Early 2022"]
[White "Mikhailov, Viacheslav"]
[Black "Sarana, Alexey"]
[WhiteFideId "4187369"]
[BlackFideId "24133795"]
[WhiteElo "2381"]
[BlackElo "2665"]
[Result "0-1"]
[Round "04"]
[TimeControl "180+1"]
[Date "2022.03.01"]
[WhiteClock "0:00:02"]
[BlackClock "0:01:26"]

1. Nf3 d5 2. g3 g6 3. Bg2 Bg7 4. c4 c6 5. O-O Nf6 6. cxd5 cxd5 7. d3 O-O 8. Nc3 Nc6 9. Bf4 d4 10. Nb5 Nd5 11. Bd2 a6 12. Na3 b5 13. Ng5 e6 14. Rc1 Bd7 15. Ne4 Qe7 16. Nc5 Rfc8 17. Nxd7 Qxd7 18. Qb3 Bf8 19. Rc2 Ncb4 20. Bxb4 Nxb4 21. Bxa8 Nxc2 22. Nxc2 Rxa8 23. Ne1 Rc8 24. Nf3 Qd6 25. Ra1 Qc5 26. a4 b4 27. Nd2 Qc2 28. Qxc2 Rxc2 29. Nc4 Rxe2 30. b3 Rc2 31. Rb1 Rc3 32. Ne5 f6 33. Nd7 Kf7 34. Nb6 Rxd3 35. Nc4 Rc3 36. Kf1 e5 37. Rd1 Ke6 38. Na5 Kd5 39. Ke2 Bc5 40. Rd3 e4 41. Rd2 f5 42. h4 Rc1 43. Nc4 d3+ 0-1


[Site "https://www.chess.com"]

[Event "Titled Tuesday Blitz March 01 Early 2022"]
[White "Mikhalsky, Vladimir"]
[Black "Nazari, Arad"]
[WhiteFideId "14144352"]
[BlackFideId "12577324"]
[WhiteElo "2248"]
[BlackElo "2120"]
[Result "0-1"]
[Round "04"]
[TimeControl "180+1"]
[Date "2022.03.01"]
[WhiteClock "0:00:07"]
[BlackClock "0:01:01"]

1. c4 g6 2. d4 Bg7 3. e4 e5 4. d5 d6 5. Nc3 Ne7 6. g4 h5 7. g5 c5 8. Be3 Na6 9. Qd2 Nc7 10. h4 Bd7 11. Bh3 a6 12. Nge2 b5 13. b3 Bxh3 14. Rxh3 Qd7 15. Rg3 O-O 16. Kf1 Rfb8 17. Kg2 bxc4 18. bxc4 Rb4 19. Qd3 Rab8 20. Rb1 Rxb1 21. Nxb1 Qa4 22. Nec3 Qb4 23. Bc1 Na8 24. Ba3 Qa5 25. Bc1 Nb6 26. Re3 Qb4 27. Na3 Na4 28. Nxa4 Qxa4 29. Qc2 Qxc2 30. Nxc2 Rb1 31. Re1 Nc8 32. Na3 Ra1 33. Kf1 Rxa2 34. Re2 Ra1 35. Rc2 f5 36. Ke2 fxe4 37. Ke3 Ne7 38. Kxe4 Nf5 39. Bb2 Rh1 40. Rc3 Rxh4+ 41. Kf3 Nd4+ 42. Kg2 Ne2 43. Rb3 Rg4+ 44. Kf3 Ng1+ 45. Ke3 Rxg5 46. Rb8+ Kh7 47. Rb7 Rf5 48. Nc2 h4 0-1


[Site "https://www.chess.com"]

[Event "Titled Tuesday Blitz March 01 Early 2022"]
[White "Mirzanurov, Bulat"]
[Black "Kukhmazov, Arsen"]
[WhiteFideId "4184521"]
[BlackFideId "24108260"]
[WhiteElo "2116"]
[BlackElo "2487"]
[Result "0-1"]
[Round "04"]
[TimeControl "180+1"]
[Date "2022.03.01"]
[WhiteClock "0:00:46"]
[BlackClock "0:01:53"]

1. e4 c6 2. d4 d5 3. exd5 cxd5 4. Bd3 Nc6 5. c3 Qc7 6. h3 Nf6 7. Nf3 g6 8. Qc2 Nh5 9. O-O Nf4 10. Bxf4 Qxf4 11. Nbd2 Bg7 12. Bb5 O-O 13. Rfe1 Qd6 14. Nb3 Bf5 15. Qe2 Rae8 16. Bxc6 Qxc6 17. Ne5 Qd6 18. a4 f6 19. Nd3 e5 20. Qd2 e4 21. Ndc1 Bc8 22. a5 f5 23. Ne2 f4 24. a6 b6 25. Nec1 f3 26. Na2 fxg2 27. Kxg2 Rf3 28. Rh1 e3 29. fxe3 Qg3# 0-1


[Site "https://www.chess.com"]

[Event "Titled Tuesday Blitz March 01 Early 2022"]
[White "Miszler, Levente"]
[Black "Bashirli, Saadat"]
[WhiteFideId "763276"]
[BlackFideId "13429990"]
[WhiteElo "1966"]
[BlackElo "1173"]
[Result "1-0"]
[Round "04"]
[TimeControl "180+1"]
[Date "2022.03.01"]
[WhiteClock "0:00:34"]
[BlackClock "0:00:04"]

1. Nf3 d5 2. g3 Nf6 3. Bg2 Bg4 4. O-O e6 5. h3 Bxf3 6. Bxf3 c5 7. d3 Nc6 8. Nd2 Bd6 9. e4 Nd4 10. Bg2 O-O 11. c3 Nc6 12. f4 dxe4 13. dxe4 Bc7 14. Qc2 e5 15. f5 Qe7 16. Nf3 Bb6 17. Kh2 Rad8 18. Be3 g6 19. Nh4 Kg7 20. Qc1 Kg8 21. Bh6 Rfe8 22. Bg5 Rd6 23. Qe3 c4 24. Qf3 Rd3 25. Qe2 Rd6 26. Rad1 Red8 27. Rxd6 Rxd6 28. Qxc4 Kg7 29. fxg6 fxg6 30. Qe2 Qf7 31. Rf3 Bd8 32. Rd3 Rxd3 33. Qxd3 h6 34. Be3 Bc7 35. b3 Qe6 36. Nf3 Nh5 37. Qd2 1-0


[Site "https://www.chess.com"]

[Event "Titled Tuesday Blitz March 01 Early 2022"]
[White "Mohammadian, Mohammad"]
[Black "Ardila, Oscar Humberto"]
[WhiteFideId "12566055"]
[BlackFideId "4404742"]
[WhiteElo "1543"]
[BlackElo "1898"]
[Result "0-1"]
[Round "04"]
[TimeControl "180+1"]
[Date "2022.03.01"]
[WhiteClock "0:00:14"]
[BlackClock "0:00:21"]

1. e4 e5 2. Nf3 Nc6 3. Bb5 Nf6 4. O-O Nxe4 5. Re1 Nd6 6. Bxc6 bxc6 7. Nxe5 Be7 8. d4 O-O 9. Bf4 Rb8 10. b3 Bg5 11. Bxg5 Qxg5 12. c4 f6 13. Nf3 Qf4 14. Nc3 Bb7 15. c5 Nb5 16. Qd3 Rfe8 17. Qc4+ Kh8 18. a4 d5 19. Qd3 Nxc3 20. Qxc3 Ba6 21. Rxe8+ Rxe8 22. Re1 Re4 23. Rxe4 dxe4 24. Nd2 Qg4 25. f3 exf3 26. Qxf3 Qxd4+ 27. Qf2 Qa1+ 28. Nf1 Kg8 29. h3 Kf7 30. g3 Qxf1+ 31. Qxf1 Bxf1 32. Kxf1 Ke6 33. Kf2 Kd5 34. Ke3 Kxc5 35. Kd3 Kb4 36. Kc2 a5 37. h4 f5 38. h5 g6 39. h6 g5 40. Kb2 f4 41. gxf4 gxf4 42. Kc2 c5 43. Kd3 Kxb3 44. Ke4 c4 45. Kxf4 c3 46. Kf5 c2 47. Kf6 c1=Q 48. Kg7 Qc2 49. Kh8 c5 50. Kg7 c4 51. Kh8 Kxa4 52. Kg7 Kb4 53. Kf6 a4 54. Ke5 a3 55. Kd6 a2 56. Kc7 Qg6 57. Kb7 Kb5 58. Kc7 Kc5 59. Kd7 Qd6+ 60. Ke8 Qc7 61. Kf8 a1=Q 62. Kg8 c3 63. Kf8 c2 64. Kg8 c1=Q 65. Kf8 Qf6+ 66. Kg8 Qcg5# 0-1


[Site "https://www.chess.com"]

[Event "Titled Tuesday Blitz March 01 Early 2022"]
[White "Molina, Roberto Junio Brito"]
[Black "Kollars, Dmitrij"]
[WhiteFideId "2109450"]
[BlackFideId "12909572"]
[WhiteElo "2402"]
[BlackElo "2584"]
[Result "1-0"]
[Round "04"]
[TimeControl "180+1"]
[Date "2022.03.01"]
[WhiteClock "0:00:09"]
[BlackClock "0:00:02"]

1. d4 Nf6 2. Nf3 d5 3. e3 c5 4. dxc5 Nc6 5. Bb5 Bd7 6. O-O e6 7. Bxc6 Bxc6 8. b4 a5 9. c3 axb4 10. cxb4 b6 11. Nd4 Ba4 12. Qe2 bxc5 13. bxc5 Bxc5 14. Ba3 Bxa3 15. Nxa3 O-O 16. Nab5 Qa5 17. Rfb1 Rfc8 18. Rb2 Ne4 19. h3 Rc5 20. Rab1 Rac8 21. Kh2 e5 22. Nf5 Qd8 23. Qg4 g6 24. Ng3 Bc2 25. Nxe4 Bxe4 26. Rd1 Qf6 27. Rdd2 h5 28. Qe2 h4 29. f3 Bf5 30. e4 dxe4 31. fxe4 Be6 32. Qf2 Qg5 33. Nd6 Ra8 34. Qxc5 Qg3+ 35. Kh1 Ra3 36. Qf2 Qg5 37. Rb8+ Kg7 38. Ne8+ Kh6 39. Nf6 Qg3 40. Qxg3 hxg3 41. Ng4+ Kg5 42. Nxe5 Re3 43. Nf3+ Kf4 44. Rb1 Bxh3 45. gxh3 Rxf3 46. Kg2 Re3 47. Rb3 Re1 48. Rf3+ Kxe4 49. Rxf7 Ra1 50. Rf3 g5 51. Rxg3 Kf4 52. Rf2+ Ke4 53. Rxg5 1-0


[Site "https://www.chess.com"]

[Event "Titled Tuesday Blitz March 01 Early 2022"]
[White "Moskalenko, Alexander"]
[Black "Alavi, Sayed Javad"]
[WhiteFideId "4155351"]
[BlackFideId "12500607"]
[WhiteElo "2515"]
[BlackElo "2475"]
[Result "1/2-1/2"]
[Round "04"]
[TimeControl "180+1"]
[Date "2022.03.01"]
[WhiteClock "0:01:23"]
[BlackClock "0:00:27"]

1. d4 Nf6 2. Nf3 d5 3. Bf4 e6 4. e3 Bd6 5. Bg3 O-O 6. c4 Ne4 7. Nc3 Nxg3 8. hxg3 c6 9. Qc2 g6 10. O-O-O f5 11. Ne5 Nd7 12. Nxd7 Bxd7 13. f4 b5 14. c5 Bc7 15. g4 Ba5 16. g5 Bxc3 17. Qxc3 a5 18. Qe1 Bc8 19. Rh6 Ra7 20. Bd3 b4 21. Qe2 a4 22. Rdh1 Rff7 23. Kd1 Qa5 24. Qd2 Ba6 25. Ke2 Bxd3+ 26. Qxd3 Qa6 27. Qxa6 Rxa6 28. g3 Raa7 29. Kd2 Rfb7 30. Ra1 a3 31. b3 Kg7 32. Rah1 Kg8 33. g4 Re7 34. Ke2 Rf7 35. Kf3 Rfe7 36. R6h2 Rf7 37. Ke2 Rfe7 38. Rg1 Rf7 39. Kd2 Rfe7 40. gxf5 exf5 41. Rh3 Rf7 42. Rgh1 Rfe7 43. Rg3 Kh8 44. Rgh3 Kg8 45. Rh6 Rf7 46. R1h3 Rfe7 47. Ke2 Rf7 48. Kf2 Rae7 49. Rh1 Re4 50. R1h3 Rfe7 51. R6h4 Rf7 52. Rh6 Rfe7 53. R6h4 Rf7 54. Ke2 Rfe7 55. Kd3 Rf7 56. Rg3 Rfe7 57. Rh2 Rf7 58. Rgh3 Rfe7 59. Re2 Rf7 60. Rh4 Rfe7 61. Rh6 Rf7 62. Reh2 Rfe7 63. R2h3 Rf7 64. Kd2 Rfe7 65. Kd3 Rf7 66. Kd2 Rfe7 67. Kd3 1/2-1/2


[Site "https://www.chess.com"]

[Event "Titled Tuesday Blitz March 01 Early 2022"]
[White "Munenga, Douglas D"]
[Black "Eynullayev, Altay"]
[WhiteFideId "8700680"]
[BlackFideId "13413562"]
[WhiteElo "2207"]
[BlackElo "2079"]
[Result "0-1"]
[Round "04"]
[TimeControl "180+1"]
[Date "2022.03.01"]
[WhiteClock "0:00:02"]
[BlackClock "0:00:20"]

1. e4 c5 2. Nf3 e6 3. d4 cxd4 4. Nxd4 Nc6 5. c4 a6 6. Nc3 d6 7. Be2 Nf6 8. O-O Be7 9. b3 Bd7 10. Bb2 Rb8 11. Qd3 Nxd4 12. Qxd4 b5 13. Kh1 Qb6 14. Qd3 O-O 15. f4 Bc6 16. e5 dxe5 17. fxe5 Nd7 18. Ne4 bxc4 19. Qxc4 Bb5 20. Qc2 Rbc8 21. Qd1 Bxe2 22. Qxe2 Qb5 23. Qf2 Nxe5 24. Qg3 Ng6 25. Rae1 Rc2 26. Ba1 Rxa2 27. Qf3 Rc2 28. g3 Qd5 29. h4 f6 30. h5 Ne5 31. Qe3 Ng4 32. Qf3 Rh2+ 0-1


[Site "https://www.chess.com"]

[Event "Titled Tuesday Blitz March 01 Early 2022"]
[White "Nakamura, Hikaru"]
[Black "Maltsevskaya, Aleksandra"]
[WhiteFideId "2016192"]
[BlackFideId "24174041"]
[WhiteElo "2850"]
[BlackElo "2283"]
[Result "1-0"]
[Round "04"]
[TimeControl "180+1"]
[Date "2022.03.01"]
[WhiteClock "0:01:55"]
[BlackClock "0:00:03"]

1. Nf3 Nf6 2. b3 g6 3. Bb2 Bg7 4. d4 d6 5. e3 O-O 6. Be2 Nbd7 7. O-O e5 8. dxe5 Ng4 9. c4 Ngxe5 10. Nc3 a5 11. Qd2 Nxf3+ 12. Bxf3 Nc5 13. Nd5 Be6 14. Bxg7 Kxg7 15. Qc3+ f6 16. Nf4 Bf7 17. Rfd1 Re8 18. a3 c6 19. Rab1 Re5 20. b4 axb4 21. axb4 Ne4 22. Bxe4 Rxe4 23. c5 d5 24. Ne2 Rc4 25. Qd2 b6 26. Nd4 bxc5 27. bxc5 Rxc5 28. Rdc1 Rc4 29. Nxc6 Qc7 30. Nd4 Rc8 31. Rd1 Qe5 32. h3 R8c7 33. Rb6 h5 34. Qb2 h4 35. Rb7 Rxb7 36. Qxb7 Rc7 37. Qb6 Rc8 38. Nf3 Qe4 39. Rd4 Rc1+ 40. Kh2 Qc2 41. Rf4 f5 42. Qd4+ Kg8 43. Rxh4 1-0


[Site "https://www.chess.com"]

[Event "Titled Tuesday Blitz March 01 Early 2022"]
[White "Nasyrova, Ekaterina"]
[Black "Vantika, Agrawal"]
[WhiteFideId "44157797"]
[BlackFideId "25050389"]
[WhiteElo "2068"]
[BlackElo "2075"]
[Result "1-0"]
[Round "04"]
[TimeControl "180+1"]
[Date "2022.03.01"]
[WhiteClock "0:00:03"]
[BlackClock "0:00:01"]

1. d4 Nf6 2. c4 g6 3. g3 Bg7 4. Bg2 O-O 5. Nf3 d6 6. Nc3 Nbd7 7. O-O e5 8. e4 c6 9. Re1 Qa5 10. d5 cxd5 11. cxd5 b5 12. Bd2 b4 13. Na4 Nb6 14. Nxb6 Qxb6 15. a3 bxa3 16. bxa3 Ba6 17. h3 Rfc8 18. Rb1 Qc7 19. Rc1 Qd7 20. Bb4 Bb5 21. Ba5 h5 22. Qd2 Rxc1 23. Qxc1 Rc8 24. Qb2 Bh6 25. Qb4 Rc4 26. Qb1 Rc8 27. Nd2 h4 28. Kh2 hxg3+ 29. fxg3 Nh5 30. Bf3 Nf6 31. Nf1 Ba4 32. Ne3 Rc5 33. Bb4 Rb5 34. Qd3 a5 35. Bc3 Kg7 36. Nc4 Rc5 37. Bxa5 Bb5 38. Nxe5 dxe5 39. Qb3 Bc4 40. Qc3 Rc8 41. Qxe5 Bb5 42. Bb4 Rc4 43. Bc3 Rxc3 44. Qxc3 Bg5 45. Qd4 Bh6 46. e5 1-0


[Site "https://www.chess.com"]

[Event "Titled Tuesday Blitz March 01 Early 2022"]
[White "Nilsen, Tobias Lang"]
[Black "Stefanov, Plamen"]
[WhiteFideId "1521624"]
[BlackFideId "2900980"]
[WhiteElo "2013"]
[BlackElo "2137"]
[Result "0-1"]
[Round "04"]
[TimeControl "180+1"]
[Date "2022.03.01"]
[WhiteClock "0:00:18"]
[BlackClock "0:00:21"]

1. f4 d5 2. Nf3 c5 3. g3 Nc6 4. Bg2 g6 5. O-O Bg7 6. d3 Nf6 7. Nc3 Bg4 8. e4 Nd4 9. e5 Nh5 10. Ne2 Nxe2+ 11. Qxe2 Qd7 12. Qf2 b6 13. Bd2 O-O 14. Rae1 f6 15. Qe3 Rae8 16. e6 Qd6 17. h3 Bxf3 18. Qxf3 f5 19. g4 fxg4 20. hxg4 Bd4+ 21. Kh1 Ng7 22. c3 Bf6 23. Qxd5 Qxd5 24. Bxd5 Bh4 25. Re2 Rd8 26. c4 g5 27. f5 Ne8 28. Bc3 Nf6 29. Bxf6 Rxf6 30. Kg2 h5 31. Kh3 hxg4+ 32. Kxg4 Rh6 33. f6 Kf8 34. fxe7+ Kxe7 35. Rf7+ Kd6 36. e7 Re8 37. Rf8 Rxe7 38. Rxe7 Kxe7 39. Ra8 Kd6 40. Rxa7 Ke5 41. a4 Rf6 42. Rf7 Rxf7 43. Bxf7 Kf6 44. Bd5 Be1 45. d4 cxd4 46. Be4 Bf2 47. b4 Be1 48. a5 bxa5 49. b5 Bb4 50. b6 Bd6 51. b7 a4 52. c5 Bb8 53. Kf3 Ke5 54. Bc2 a3 55. c6 Kd6 56. Bb3 Kxc6 57. Ke4 Kxb7 58. Kxd4 Kb6 59. Ke4 Ka5 60. Kf5 Bf4 61. Ke4 Kb4 62. Be6 Kc3 0-1


[Site "https://www.chess.com"]

[Event "Titled Tuesday Blitz March 01 Early 2022"]
[White "Nozdrachev, Leonid"]
[Black "Kirillov, Dmitry"]
[WhiteFideId "24113433"]
[BlackFideId "34180572"]
[WhiteElo "2124"]
[BlackElo "2076"]
[Result "0-1"]
[Round "04"]
[TimeControl "180+1"]
[Date "2022.03.01"]
[WhiteClock "0:00:01"]
[BlackClock "0:00:32"]

1. e4 c5 2. c3 d5 3. exd5 Qxd5 4. d4 e6 5. Nf3 Nf6 6. Bd3 Be7 7. O-O O-O 8. Be3 Rd8 9. Qe2 b6 10. Rd1 Qh5 11. dxc5 bxc5 12. Nbd2 Nc6 13. Nf1 Ne5 14. Ng3 Nxf3+ 15. Qxf3 Qxf3 16. gxf3 Bb7 17. Ne4 Rab8 18. Bf4 Bxe4 19. Bxe4 Rxd1+ 20. Rxd1 Rxb2 21. Bd6 Kf8 22. Be5 Nxe4 23. fxe4 Rxa2 24. Rd7 f6 25. Bb8 a5 26. Rc7 a4 27. Ba7 a3 28. Bxc5 Bxc5 29. Rxc5 Rc2 30. Ra5 Rxc3 31. Kg2 Ke7 32. Ra6 Kd7 33. Ra7+ Kc6 34. Rxg7 Kb6 35. Rd7 a2 36. Rd1 Ra3 37. Ra1 Kc5 38. e5 fxe5 0-1


[Site "https://www.chess.com"]

[Event "Titled Tuesday Blitz March 01 Early 2022"]
[White "Nur-Mukhametova, Alisa"]
[Black "Samaganova, Aleksandra"]
[WhiteFideId "54117739"]
[BlackFideId "13800221"]
[WhiteElo "2015"]
[BlackElo "1859"]
[Result "1-0"]
[Round "04"]
[TimeControl "180+1"]
[Date "2022.03.01"]
[WhiteClock "0:00:04"]
[BlackClock "0:00:03"]

1. e4 c5 2. Nf3 e6 3. d4 cxd4 4. Nxd4 a6 5. Nc3 Qc7 6. g3 Nf6 7. Bg2 Nc6 8. O-O Be7 9. Be3 O-O 10. Qe2 Rb8 11. f4 Nxd4 12. Bxd4 Bc5 13. Qc4 Bxd4+ 14. Qxd4 b5 15. e5 Ne8 16. a3 d5 17. Rf2 a5 18. Qd3 b4 19. axb4 axb4 20. Ne2 Qb6 21. Nd4 Nc7 22. Bf1 Bd7 23. h3 Ra8 24. Re1 Na6 25. Nb3 Nc5 26. Qe3 Na4 27. Qxb6 Nxb6 28. Nc5 Bc6 29. b3 Ra2 30. Nd3 Bd7 31. Nxb4 Ra7 32. c4 dxc4 33. bxc4 Rc8 34. Rc1 Na4 35. Ra2 Rb7 36. Nd3 Nc5 37. Nxc5 Rxc5 38. Ra8+ Rc8 39. Rxc8+ Bxc8 40. c5 Rc7 41. c6 Kf8 42. Kf2 Ke7 43. Ke3 f6 44. Kd4 h6 45. Kc5 g5 46. Kb6 Kd8 47. exf6 Rf7 48. fxg5 hxg5 49. Rd1+ Ke8 50. c7 Rxf6 51. Bb5+ Ke7 52. Rd8 e5+ 53. Ka7 Bf5 54. c8=Q Bxc8 55. Rxc8 Rh6 56. Re8+ Kf7 57. Rxe5 Rxh3 58. Rxg5 Kf6 59. Rg4 Rh1 60. Bc6 Ra1+ 61. Kb7 Kf5 62. Rg8 Rb1+ 63. Kc7 Rc1 64. g4+ Kf6 65. Kd7 Kf7 66. Rg5 Rd1+ 67. Bd5+ Kf6 68. Rf5+ Kg6 69. Ke6 Re1+ 70. Re5 Rd1 71. Be4+ Kg7 72. g5 Re1 73. Bf5 Rd1 74. Be4 Ra1 75. Bd5 Ra6+ 76. Kf5 Ra1 77. Re7+ Kf8 78. Rf7+ Ke8 79. g6 Rf1+ 80. Ke6 Re1+ 81. Kd6 Rg1 82. g7 Rg6+ 83. Be6 Rg1 84. Rf8# 1-0


[Site "https://www.chess.com"]

[Event "Titled Tuesday Blitz March 01 Early 2022"]
[White "Ooi, Zhi Yang"]
[Black "Boruchovsky, Avital"]
[WhiteFideId "5709270"]
[BlackFideId "2800055"]
[WhiteElo "1802"]
[BlackElo "2469"]
[Result "0-1"]
[Round "04"]
[TimeControl "180+1"]
[Date "2022.03.01"]
[WhiteClock "0:00:13"]
[BlackClock "0:00:52"]

1. d4 Nf6 2. Nc3 d5 3. Bg5 c5 4. Bxf6 gxf6 5. e3 Nc6 6. Qh5 cxd4 7. exd4 e6 8. Nf3 Bb4 9. Bd3 Qa5 10. O-O Bxc3 11. bxc3 Qxc3 12. Qh6 Nxd4 13. Nxd4 Qxd4 14. Qg7 Rf8 15. Rab1 b6 16. Rfd1 Bd7 17. c4 dxc4 18. Bxh7 Qe5 19. Qg4 f5 20. Qxc4 Rh8 21. Rxd7 Kxd7 22. Rd1+ Ke7 23. Qh4+ Kf8 24. Qh6+ Qg7 25. Qh4 Qxh7 0-1


[Site "https://www.chess.com"]

[Event "Titled Tuesday Blitz March 01 Early 2022"]
[White "Pajeken, Jakob Leon"]
[Black "Kanyamarala, Trisha"]
[WhiteFideId "12942839"]
[BlackFideId "45004722"]
[WhiteElo "2351"]
[BlackElo "2002"]
[Result "1-0"]
[Round "04"]
[TimeControl "180+1"]
[Date "2022.03.01"]
[WhiteClock "0:00:20"]
[BlackClock "0:00:01"]

1. d4 Nf6 2. Nf3 d5 3. c4 e6 4. e3 b6 5. Nc3 Bb7 6. cxd5 exd5 7. Bb5+ c6 8. Bd3 Bd6 9. O-O Nbd7 10. e4 dxe4 11. Nxe4 Nxe4 12. Bxe4 Nf6 13. Bg5 Be7 14. Bxf6 Bxf6 15. Qc2 Rc8 16. Rfe1 O-O 17. Bxh7+ Kh8 18. Be4 Qd6 19. Rad1 Rfe8 20. Re3 Re7 21. Rde1 Rce8 22. Qd1 Qf4 23. Qc2 g6 24. g3 Qd6 25. Qc3 c5 26. Bxb7 cxd4 27. Rxe7 dxc3 28. Rxe8+ Kg7 29. bxc3 Bxc3 30. R1e3 Bf6 31. Kg2 a5 32. a4 Qb4 33. Bc6 Qc5 34. Bb5 Qc2 35. Re2 Qc5 36. h4 Qc3 37. Ra8 Qc5 38. Ree8 Bc3 39. Rac8 Qb4 40. Rg8+ Kf6 41. Ng5 Bd4 42. Rc6+ Ke5 43. Re8+ Kf5 44. Bd3+ Kg4 45. f3+ Kh5 46. Kh3 f5 47. Rc7 Bf6 48. Rh7# 1-0


[Site "https://www.chess.com"]

[Event "Titled Tuesday Blitz March 01 Early 2022"]
[White "Paravyan, David"]
[Black "Neiksans, Arturs"]
[WhiteFideId "4194985"]
[BlackFideId "11601388"]
[WhiteElo "2569"]
[BlackElo "2447"]
[Result "1/2-1/2"]
[Round "04"]
[TimeControl "180+1"]
[Date "2022.03.01"]
[WhiteClock "0:00:04"]
[BlackClock "0:00:04"]

1. e4 c5 2. Nf3 e6 3. d4 cxd4 4. Nxd4 a6 5. Nc3 b5 6. Bd3 Bb7 7. O-O Nc6 8. Nxc6 Bxc6 9. Re1 Qb8 10. Qe2 Ne7 11. a3 Ng6 12. g3 Bc5 13. Be3 Qa7 14. Rad1 Bxe3 15. Qxe3 Qxe3 16. Rxe3 Ne5 17. f4 Ng4 18. Ree1 h5 19. Be2 Rb8 20. Bf3 Kd8 21. Kg2 b4 22. axb4 Rxb4 23. b3 Ke7 24. h3 Nh6 25. Bxh5 Rc8 26. Bf3 Bb7 27. Re3 f5 28. Rd2 g6 29. e5 Bxf3+ 30. Kxf3 Nf7 31. Red3 Rc7 32. h4 Nh6 33. Nd1 Nf7 34. Ne3 a5 35. Rd1 a4 36. Rd4 Rxd4 37. Rxd4 axb3 38. cxb3 d6 39. exd6+ Nxd6 40. Nc4 Ne4 41. Rd1 Rb7 42. Rb1 Nc3 43. Rb2 Nd1 44. Rb1 Nc3 45. Re1 Ne4 46. Re3 Rd7 47. Ne5 Rd2 48. Re2 Rd1 49. Nxg6+ Kf6 50. Ne5 Rb1 51. Kg2 Rxb3 52. Nf3 Rc3 53. h5 Kg7 54. Ra2 Kh6 55. Ra6 Kxh5 56. Rxe6 Rc2+ 57. Kg1 Kg4 58. Nd4 Rc1+ 59. Kg2 Nxg3 60. Rg6+ Kxf4 61. Rxg3 Rg1+ 62. Kxg1 Kxg3 63. Nxf5+ 1/2-1/2


[Site "https://www.chess.com"]

[Event "Titled Tuesday Blitz March 01 Early 2022"]
[White "Pein, Jonathan"]
[Black "Ozer, Omer Faruk"]
[WhiteFideId "417092"]
[BlackFideId "6354564"]
[WhiteElo "2140"]
[BlackElo "2050"]
[Result "0-1"]
[Round "04"]
[TimeControl "180+1"]
[Date "2022.03.01"]
[WhiteClock "0:00:13"]
[BlackClock "0:00:40"]

1. e4 e5 2. d4 exd4 3. Qxd4 Nc6 4. Qe3 Nb4 5. Bd3 Nxd3+ 6. cxd3 d5 7. Nf3 dxe4 8. dxe4 Nf6 9. Nc3 Bb4 10. O-O O-O 11. e5 Nd5 12. Nxd5 Qxd5 13. a3 Bc5 14. Qd2 Be6 15. b4 Bb6 16. Bb2 Rfd8 17. Rfd1 Qxd2 18. Rxd2 Rxd2 19. Nxd2 Rd8 20. Nf1 Rd3 21. Rc1 Rb3 22. Rc2 h5 23. g3 h4 24. gxh4 a5 25. bxa5 Bxa5 26. Ne3 Bb6 27. Kf1 c5 28. Ke2 c4 29. Bc1 Bxe3 30. Bxe3 Rxa3 31. Rb2 Bd5 32. Bd4 Kh7 33. Rb5 Bf3+ 34. Kd2 Rd3+ 0-1


[Site "https://www.chess.com"]